 Dungeon Crawl Stone Soup version 0.28-a0-697-g47f3eba078 (webtiles) character file.

Game seed: 3878327135230912184

2879 AttackTheMoon the Basher (level 9, 0/93 HPs)
             Began as a Troll Fighter on Oct 23, 2021.
             Was a Priest of Zin.
             Slain by a yak (9 damage)
             ... on level 8 of the Dungeon.
             The game lasted 00:11:51 (7205 turns).

AttackTheMoon the Basher (Troll Fighter)            Turns: 7205, Time: 00:11:51

Health: 0/93       AC:  5    Str: 29    XL:     9   Next: 48%
Magic:  12/12      EV: 10    Int:  4    God:    Zin [***...]
Gold:   316        SH:  0    Dex:  9    Spells: 8/8 levels left

rFire   + . .      SeeInvis .   r - +0 giant spiked club
rCold   . . .      Faith    .   (shield currently unavailable)
rNeg    . . .      Spirit   .   b - +0 robe
rPois   .          Reflect  .   f - +1 hat
rElec   .          Harm     .   (no cloak)
rCorr   +          Rampage  .   (gloves unavailable)
Will    .....                   (boots unavailable)
Stlth   +.........              (no amulet)
HPRegen 1.25/turn               j - ring of resist corrosion
MPRegen 0.13/turn               g - ring of protection from fire

@: studying 2 skills
A: large, unfitting armour, claws 3, regeneration 1, shaggy fur 1, tough skin 1
a: Renounce Religion, Recite, Vitalisation, Imprison, Donate Gold


You were on level 8 of the Dungeon.
You worshipped Zin.
Zin was most pleased with you.
You visited 2 branches of the dungeon, and saw 9 of its levels.

You collected 351 gold pieces.
You donated 35 gold pieces to Zin.

Inventory:

Hand Weapons
 a - a +1 flail
 q - the +1 mace of Gravity {vorpal, rC+ Str+2 Dex+4}
   (You found it on level 4 of the Dungeon)

   It inflicts extra damage upon your enemies.
   Str:       It affects your strength (+2).
   Dex:       It affects your dexterity (+4).
   rC:        It protects you from cold.
 r - a +0 giant spiked club (weapon)
Armour
 b - a +0 robe (worn)
 f - a +1 hat (worn)
Jewellery
 g - a ring of protection from fire (right claw)
 j - a ring of resist corrosion (left claw)
 l - a ring of wizardry
Wands
 n - a wand of digging (3)
 o - a wand of paralysis (9)
Scrolls
 c - 2 scrolls of fear
 i - a scroll of magic mapping
 k - a scroll of fog {unknown}
 m - a scroll of immolation {unknown}
 t - 2 scrolls of identify
Potions
 d - a potion of mutation
 e - a potion of brilliance
 h - 2 potions of flight
 p - a potion of ambrosia {unknown}
 s - a potion of might


   Skills:
 + Level 7.0 Fighting
 + Level 8.7 Maces & Flails
 + Level 3.7 Dodging
 - Level 2.4 Shields
 + Level 5.5 Invocations


You had 8 spell levels left.
You didn't know any spells.
Your spell library contained the following spells:

 Spells                   Type           Power      Damage    Failure   Level
 Corpse Rot               Necr/Air       0%         N/A       65%         2
 Poisonous Vapours        Pois/Air       0%         N/A       65%         2
 Sublimation of Blood     Necr           0%         N/A       65%         2
 Wereblood                Tmut           0%         N/A       65%         2
 Dispel Undead            Necr           0%         3d6       99%         4
 Death Channel            Necr           0%         N/A       100%        6
 Summon Hydra             Summ           0%         N/A       100%        7


Dungeon Overview and Level Annotations

Branches:
Dungeon (8/15)             Temple (1/1) D:4
   Lair: D:8-11

Altars:
Ashenzari
Cheibriados
Dithmenos
Elyvilon
Fedhas
Gozag
Hepliaklqana
Kikubaaqudgha
Makhleb
Nemelex Xobeh
Okawaru
Qazlal
Ru
Sif Muna
Trog
Uskayaw
Vehumet
Wu Jian
Xom
Yredelemnul
Zin
The Shining One

Shops:
D:1 *

Annotations:
D:4 3 runed translucent doors, BigDaddyOpFi's ghost, weakling MiDe


Innate Abilities, Weirdness & Mutations

You are too large for most types of armour.
You have claws for hands.
Your natural rate of healing is unusually fast.
You are covered in fur. (AC +1)
You have tough skin. (AC +1)


Message History

You kill the yak!
The yak barely misses you.
You impale the yak!!
The yak is almost dead.
The yak barely misses you.
You puncture the yak!
You kill the yak!
Your Fighting skill increases to level 7!
You closely miss the yak. The yak gores you! x2
You are too injured to fight recklessly!
You are too injured to fight recklessly!
You are too injured to fight recklessly!
You are too injured to fight recklessly!
You are too injured to fight recklessly!
You are too injured to fight recklessly!
You are too injured to fight recklessly!
You are too injured to fight recklessly!
You are too injured to fight recklessly!
You are too injured to fight recklessly!
You are too injured to fight recklessly!
You are too injured to fight recklessly!
You are too injured to fight recklessly!
You are too injured to fight recklessly!
You are too injured to fight recklessly!
You are too injured to fight recklessly!
You are too injured to fight recklessly!
You barely miss the yak. The yak gores you!
* * * LOW HITPOINT WARNING * * *
You barely miss the yak. The yak gores you.
* * * LOW HITPOINT WARNING * * *
The yak closely misses you.
You barely miss the yak. The yak gores you but does no damage.
You bludgeon the yak!!
The yak is heavily wounded.
The yak gores you!
* * * LOW HITPOINT WARNING * * *
You sock the yak!
The yak is severely wounded.
The yak gores you!
You die...

#.# .....# #.# #.#
###..## #.# #.# #..
#.# #.# ######..###
#####.# ..#
#.#.........#
#.....# ###
#.#.#.##.##.#
#.#####
#.#.#.##.##.# #.#
#.#.#Y##.##.# #.#
#.#.#@##..#.###.#
#.#.#.#.........#
#.#.._#<#.#.#####
#######.......#.#.#
#...........###.#.#
#.#######.........#
######.#
#######.###
..(>...# #.#
.####### #.#


You could see a yak.

Vanquished Creatures
  2 yaks (D:8)
  Duvessa (D:5)
  4 water moccasins
  An ice beast (D:7)
  A sky beast (D:7)
  2 ogres
  A black bear (D:5)
  2 orc warriors
  A necrophage (D:5)
  A centaur (D:4)
  2 bullfrogs
  2 scorpions
  A gnoll sergeant (D:7)
  Dowan (D:5)
  A wyvern skeleton (D:7)
  A water moccasin skeleton (D:4)
  2 centaur zombies
  2 bullfrog zombies (D:5)
  A jelly (D:7)
  5 orc priests
  A centaur skeleton (D:7)
  2 gnoll shamans
  2 hounds
  2 iguanas
  An orc wizard (D:3)
  9 adders
  12 gnolls
  A howler monkey skeleton (D:7)
  2 white imps
  A worm (D:3)
  A dart slug (D:5)
  26 orcs
  4 bats
  5 endoplasms
  3 giant cockroaches
  5 goblins
  6 hobgoblins
  A jackal (D:1)
  A quokka (D:3)
  6 ball pythons
  A frilled lizard (D:3)
  4 kobolds
  A rat (D:1)
131 creatures vanquished.

Notes
Turn   | Place    | Note
-------+----------+-------------------------------------------
     0 | D:1      | AttackTheMoon the Troll Fighter began the quest for the
                  | Orb.
     0 | D:1      | Reached XP level 1. HP: 22/22 MP: 0/0
   183 | D:1      | Reached skill level 2 in Maces & Flails
   191 | D:1      | Reached XP level 2. HP: 29/29 MP: 1/1
   199 | D:1      | Found Icyuzaz's General Store.
   865 | D:2      | Found a shadowy altar of Dithmenos.
   919 | D:2      | Reached XP level 3. HP: 22/37 MP: 2/2
  1363 | D:3      | Reached skill level 3 in Maces & Flails
  1380 | D:3      | You fall into a shaft and drop 1 floor!
  1385 | D:4      | Reached XP level 4. HP: 45/45 MP: 3/3
  1474 | D:3      | Reached XP level 5. HP: 46/54 MP: 4/4
  1969 | D:3      | Found a faded altar of an unknown god.
  2064 | D:3      | Reached skill level 4 in Maces & Flails
  2462 | D:4      | Reached XP level 6. HP: 56/63 MP: 5/5
  2619 | D:4      | Noticed BigDaddyOpFi's ghost (weakling MiDe)
  2636 | D:4      | Found a staircase to the Ecumenical Temple.
  2648 | Temple   | Entered the Ecumenical Temple
  2894 | Temple   | Became a worshipper of Zin the Law-Giver
  2894 | Temple   | Reached * piety under Zin
  2991 | D:4      | Reached ** piety under Zin
  3030 | D:4      | Identified the +1 mace of Gravity {vorpal, rC+ Str+2 Dex+4}
  3084 | D:4      | Reached skill level 1 in Invocations
  3121 | D:4      | Found a runed translucent gate.
  3122 | D:4      | Found a runed translucent gate.
  3125 | D:4      | Found a runed translucent gate.
  3348 | D:5      | Entered Level 5 of the Dungeon
  3348 | D:5      | Noticed a water moccasin
  3357 | D:5      | Reached skill level 5 in Maces & Flails
  3357 | D:5      | Reached XP level 7. HP: 59/71 MP: 5/7
  3370 | D:5      | Reached skill level 5 in Fighting
  3538 | D:5      | Noticed Duvessa
  3538 | D:5      | Noticed Dowan
  3552 | D:5      | Killed Duvessa
  3559 | D:5      | Killed Dowan
  3710 | D:5      | Identified a scroll of acquirement
  3710 | D:5      | Acquired a manual of Maces & Flails
  3732 | D:5      | Reached XP level 8. HP: 73/81 MP: 9/9
  4054 | D:5      | Reached skill level 6 in Maces & Flails
  4891 | D:6      | Reached skill level 7 in Maces & Flails
  5972 | D:7      | Reached XP level 9. HP: 91/92 MP: 11/11
  5979 | D:7      | Reached *** piety under Zin
  6117 | D:7      | Reached skill level 8 in Maces & Flails
  6117 | D:7      | Reached skill level 5 in Invocations
  6802 | D:8      | Found a sparkling altar of Nemelex Xobeh.
  7181 | D:8      | Found a stormy altar of Qazlal.
  7205 | D:8      | Slain by a yak

Illustrated notes

Levels and vault maps discovered:
D:1:      nagdon_arrival_double_spiral, layout_basic, serial_shops, shop,
          minmay_hexomino_u4
D:2:      layout_basic, basic_altar
D:3:      minmay_octagon_keep, layout_basic, basic_ecumenical_altar
D:4:      layout_loops_ring, minmay_temple_entry_arrows, gammafunk_ghost_split,
          minmay_misc_feat_doors, columned_hall_lemuel
D:5:      layout_basic, solitary_fountain, uniq_duvessa
D:6:      layout_basic
D:7:      layout_loops_corners, skrybe_limestone_x
D:8:      layout_loops_ring, overflow_temple_1_default, erik_lair_dragon,
          hangedman_feature_mirror
Temple:   regret_index_temple_sigil_plot

Skill      XL: |  1  2  3  4  5  6  7  8  9 |
---------------+----------------------------+-----
Maces & Flails | 2 3 4 5 7 8 |  8.7
Fighting       | 3 4 5 6 7 |  7.0
Invocations    | 1 3 4 5 |  5.5
Dodging        | 3 |  3.7
Shields        | |  2.4

Action                   |  1- 3 |  4- 6 |  7- 9 || total
-------------------------+-------+-------+-------++-------
Melee: Flail             |    85 |   137 |       ||   222
       Mace              |       |    33 |   152 ||   185
       Giant spiked club |       |       |   154 ||   154
Invok: Recite            |       |     1 |     3 ||     4
       Vitalisation      |       |       |     5 ||     5
  Use: Scroll            |     4 |     1 |     5 ||    10
       Potion            |     3 |     1 |     5 ||     9
 Stab: Sleeping          |     1 |       |     1 ||     2
Armor: Robe              |    45 |    62 |    82 ||   189
       Skin              |       |       |    16 ||    16
Dodge: Dodged            |    56 |   133 |   164 ||   353

Table legend: (Time is in decaauts)
 A = Elapsed time spent in this place.
 B = Non-inter-level travel time spent in this place.
 C = Inter-level travel time spent in this place.
 D = Time resting spent in this place.
 E = Time spent auto-exploring this place.
 F = Levels seen in this place.
 G = Mean time per level.
                   A        B        C        D        E       F      G
               +--------+--------+--------+--------+--------+-----+--------+
         Total |   7348 |   7117 |    231 |   1110 |   4553 |   9 |  816.4 |
       Dungeon |   7074 |   6882 |    192 |   1110 |   4339 |   8 |  884.2 |
        Temple |    273 |    234 |     39 |      0 |    214 |   1 |  273.0 |
               +--------+--------+--------+--------+--------+-----+--------+

Top non-repeatable levels by time:
     D:7: 1606 daAuts
     D:5: 1147 daAuts
     D:3: 1082 daAuts
     D:6: 885 daAuts
     D:4: 799 daAuts
     D:1: 768 daAuts
     D:2: 496 daAuts
     D:8: 287 daAuts
  Temple: 273 daAuts
